TOP OF THE 1ST |
Wausau Timbers batting - Pitching for Wisconsin Rapids Timber Rattlers : RHP Roger McDowell
|
Pitching: RHP Roger McDowell
|
|
Batting: RHB John Nicolo
|
0-0: Ball 1-0: Ball 2-0: Foul Ball, location: 2F 2-1: Foul Ball, location: 2F 2-2: Ground out U3 (Groundball, 34, EV 88.8 MPH)
|
Batting: LHB Rodney Nealeigh
|
0-0: Ball 1-0: Ball 2-0: Ground out 6-3 (Groundball, 56, EV 87.5 MPH)
|
Batting: RHB Alan Griffin
|
0-0: Ball 1-0: Ball 2-0: Ball 3-0: Called Strike 3-1: Base on Balls
|
Batting: RHB Rich Renteria
|
0-0: Called Strike 0-1: Ball 1-1: Ball 2-1: Swinging Strike 2-2: Ball 3-2: Strikes out swinging
|
Top of the 1st over - 0 runs, 0 hits, 0 errors, 1 left on base; Wausau 0 - Wisconsin Rapids 0 |
BOTTOM OF THE 1ST |
Wisconsin Rapids Timber Rattlers batting - Pitching for Wausau Timbers : LHP Stanley Osterbur
|
Pitching: LHP Stanley Osterbur
|
|
Batting: RHB Jim Presley
|
0-0: DOUBLE (Line Drive, 7LS, EV 108.1 MPH)
|
Batting: RHB Darryl Motley
|
0-0: SINGLE (Groundball, 4MD, EV 98.8 MPH) Jim Presley to third Runner from 3rd tries for Home, SAFE, throw by CF to home
|
Batting: LHB Dion James
|
0-0: Fly out, F8 (Line Drive, 8RD, EV 106.3 MPH)
|
Batting: RHB Tim Pyznarski
|
0-0: Ball 1-0: Called Strike 1-1: Ball 2-1: Ball 3-1: Called Strike 3-2: Base on Balls Darryl Motley to second
|
Batting: LHB Greg Smith
|
0-0: Called Strike 0-1: Called Strike 0-2: Ball 1-2: Ball 2-2: Foul Ball, location: 2F 2-2: Ball 3-2: Strikes out swinging
|
Batting: RHB Al Pedrique
|
0-0: Ball 1-0: Foul Ball, location: 2F 1-1: Ball 2-1: SINGLE (Groundball, 34D, EV 96.9 MPH) Darryl Motley to third Tim Pyznarski to second Runner from 3rd tries for Home, SAFE, throw by RF to home
|
Batting: LHB Matt Hall
|
0-0: Fielders Choice at 2nd, 6-4 (Groundball, 56, EV 80.6 MPH)
|
Bottom of the 1st over - 2 runs, 3 hits, 0 errors, 2 left on base; Wausau 0 - Wisconsin Rapids 2 |
TOP OF THE 2ND |
Wausau Timbers batting - Pitching for Wisconsin Rapids Timber Rattlers : RHP Roger McDowell
|
Batting: SHB James Flores
|
0-0: Ball 1-0: Fly out, F1 (Line Drive, P, EV 70.0 MPH)
|
Batting: LHB Ricky Seilheimer
|
0-0: Called Strike 0-1: Called Strike 0-2: Ball 1-2: Foul Ball, location: 2F 1-2: Ball 2-2: Strikes out swinging
|
Batting: RHB Bruce Chaney
|
0-0: Ball 1-0: Ball 2-0: SINGLE (Groundball, 4M, EV 98.8 MPH) (infield hit)
|
Batting: RHB Jeffrey Young
|
0-0: Ball Bruce Chaney steals 2nd base 1-0: Ball 2-0: Called Strike 2-1: Ground out 4-3 (Groundball, 34, EV 88.8 MPH)
|
Top of the 2nd over - 0 runs, 1 hit, 0 errors, 1 left on base; Wausau 0 - Wisconsin Rapids 2 |
BOTTOM OF THE 2ND |
Wisconsin Rapids Timber Rattlers batting - Pitching for Wausau Timbers : LHP Stanley Osterbur
|
Batting: RHB Phil Lombardi
|
0-0: Ball 1-0: Fly out, F8 (Flyball, 89M, EV 76.3 MPH)
|
Batting: LHB Jimmy Hickman
|
0-0: Called Strike 0-1: TRIPLE (Flyball, 89XD, EV 113.8 MPH)
|
Batting: RHB Jim Presley
|
0-0: Ball 1-0: Ball 2-0: Ball 3-0: Base on Balls
|
Batting: RHB Darryl Motley
|
0-0: Ball Jim Presley steals 2nd base (no throw) 1-0: Ball 2-0: Called Strike 2-1: Ball 3-1: DOUBLE (Line Drive, 89M, EV 98.1 MPH) Jimmy Hickman scores Jim Presley scores
|
Batting: LHB Dion James
|
0-0: Ball 1-0: Called Strike 1-1: Ball 2-1: Ball 3-1: Fly out, F4 (Flyball, 4D, EV 85.0 MPH)
|
Batting: RHB Tim Pyznarski
|
0-0: Ball 1-0: Called Strike 1-1: SINGLE (Groundball, 6S, EV 65.6 MPH) (infield hit) Darryl Motley to third
|
Batting: LHB Greg Smith
|
0-0: Called Strike 0-1: Called Strike 0-2: Strikes out swinging
|
Bottom of the 2nd over - 2 runs, 3 hits, 0 errors, 2 left on base; Wausau 0 - Wisconsin Rapids 4 |
TOP OF THE 3RD |
Wausau Timbers batting - Pitching for Wisconsin Rapids Timber Rattlers : RHP Roger McDowell
|
Batting: RHB John Pignotti
|
0-0: SINGLE (Groundball, 5D, EV 110.6 MPH)
|
Batting: RHB John Nicolo
|
0-0: Foul Ball, location: 2F 0-1: Foul Ball, location: 2F 0-2: Ball 1-2: Grounds into double play, 6-4-3 (Groundball, 6, EV 86.9 MPH)
|
Batting: LHB Rodney Nealeigh
|
0-0: Ball 1-0: Ball 2-0: SINGLE (Groundball, 34D, EV 96.3 MPH)
|
Batting: RHB Alan Griffin
|
0-0: Called Strike 0-1: Ball 1-1: Called Strike 1-2: SINGLE (Line Drive, 9S, EV 93.1 MPH) Rodney Nealeigh to second Runner from 2nd tries for 3rd, SAFE, throw by RF made to third
|
Batting: RHB Rich Renteria
|
0-0: Ball 1-0: Called Strike 1-1: Foul Ball, location: 2F 1-2: Ball 2-2: Ball 3-2: Ground out 6-3 (Groundball, 6, EV 85.6 MPH)
|
Top of the 3rd over - 0 runs, 3 hits, 0 errors, 2 left on base; Wausau 0 - Wisconsin Rapids 4 |
BOTTOM OF THE 3RD |
Wisconsin Rapids Timber Rattlers batting - Pitching for Wausau Timbers : LHP Stanley Osterbur
|
Batting: RHB Al Pedrique
|
0-0: Ground out 6-3 (Groundball, 6, EV 84.4 MPH)
|
Batting: LHB Matt Hall
|
0-0: Ball 1-0: Ball 2-0: Ball 3-0: Base on Balls
|
Batting: RHB Phil Lombardi
|
0-0: Ball 1-0: Ball 2-0: Ball 3-0: Base on Balls Matt Hall to second
|
Batting: LHB Jimmy Hickman
|
0-0: Ball 1-0: Foul Ball, location: 2F 1-1: Ball 2-1: Ball 3-1: Swinging Strike 3-2: Fly out, F7 (Line Drive, 7, EV 83.8 MPH)
|
Batting: RHB Jim Presley
|
0-0: Foul Ball, location: 2F 0-1: Ball 1-1: Ground out 5-3 (Groundball, 56, EV 86.9 MPH)
|
Bottom of the 3rd over - 0 runs, 0 hits, 0 errors, 2 left on base; Wausau 0 - Wisconsin Rapids 4 |
TOP OF THE 4TH |
Wausau Timbers batting - Pitching for Wisconsin Rapids Timber Rattlers : RHP Roger McDowell
|
Batting: SHB James Flores
|
0-0: Foul Ball, location: 2F 0-1: SINGLE (Groundball, 4MD, EV 95.6 MPH)
|
Batting: LHB Ricky Seilheimer
|
0-0: Ball 1-0: Ball 2-0: Foul Ball, location: 2F 2-1: Called Strike 2-2: Foul Ball, location: 2F 2-2: Ball 3-2: Foul Ball, location: 2F 3-2: Fly out, F8 (Flyball, 8LM, EV 98.1 MPH)
|
Batting: RHB Bruce Chaney
|
0-0: Ball 1-0: Called Strike 1-1: Swinging Strike 1-2: Reached on error, E6 (Groundball, 6, EV 101.3 MPH) James Flores to second
|
Batting: RHB Jeffrey Young
|
0-0: Reached on error, E6 (Groundball, 6S, EV 73.1 MPH) James Flores to third Bruce Chaney to second
|
Batting: RHB John Pignotti
|
0-0: Ball 1-0: Called Strike 1-1: Ball 2-1: Ball 3-1: Called Strike 3-2: Base on Balls James Flores scores Bruce Chaney to third Jeffrey Young to second
|
Batting: RHB John Nicolo
|
0-0: Called Strike 0-1: Swinging Strike 0-2: Fly out, F3 (Popup, 3SF, EV 85.6 MPH)
|
Batting: LHB Rodney Nealeigh
|
0-0: Foul Ball, location: 2F 0-1: Ball 1-1: Foul Ball, location: 2F 1-2: Ball 2-2: Ball 3-2: Strikes out swinging
|
Top of the 4th over - 1 run, 1 hit, 2 errors, 3 left on base; Wausau 1 - Wisconsin Rapids 4 |
BOTTOM OF THE 4TH |
Wisconsin Rapids Timber Rattlers batting - Pitching for Wausau Timbers : LHP Stanley Osterbur
|
Batting: RHB Darryl Motley
|
0-0: Fly out, F9 (Line Drive, 9D, EV 88.8 MPH)
|
Batting: LHB Dion James
|
0-0: Ball 1-0: Called Strike 1-1: Ground out U3 (Groundball, 3L, EV 78.8 MPH)
|
Batting: RHB Tim Pyznarski
|
0-0: Called Strike 0-1: SINGLE (Groundball, 6MD, EV 103.1 MPH)
|
Batting: LHB Greg Smith
|
0-0: Ball 1-0: Called Strike 1-1: DOUBLE (Line Drive, 7LM, EV 101.9 MPH) Tim Pyznarski to third Runner from 3rd tries for Home, SAFE, no throw by LF
|
Batting: RHB Al Pedrique
|
0-0: Intentional Walk
|
Batting: LHB Matt Hall
|
0-0: Foul Ball, location: 2F 0-1: Ball 1-1: Ball 2-1: Ball 3-1: Fly out, F8 (Flyball, 89D, EV 91.9 MPH)
|
Bottom of the 4th over - 1 run, 2 hits, 0 errors, 2 left on base; Wausau 1 - Wisconsin Rapids 5 |
TOP OF THE 5TH |
Wausau Timbers batting - Pitching for Wisconsin Rapids Timber Rattlers : RHP Roger McDowell
|
Batting: RHB Alan Griffin
|
0-0: Foul Ball, location: 2F 0-1: Ball 1-1: Ball 2-1: Ground out 5-3 (Groundball, 56, EV 88.1 MPH)
|
Batting: RHB Rich Renteria
|
0-0: Swinging Strike 0-1: SINGLE (Groundball, 4S, EV 73.1 MPH) (infield hit)
|
Batting: SHB James Flores
|
0-0: Foul Ball, location: 2F 0-1: Ball 1-1: Reached on error, E5 (Groundball, 56, EV 80.0 MPH) Rich Renteria to second
|
Batting: LHB Ricky Seilheimer
|
0-0: Ball 1-0: Ball 2-0: Called Strike 2-1: Ground out 3-1 (Groundball, 23, EV 82.5 MPH) Rich Renteria to third James Flores to second
|
Batting: RHB Bruce Chaney
|
0-0: Called Strike 0-1: Ball 1-1: Ball 2-1: Ball 3-1: Base on Balls
|
Pitching: RHP Juan Maravilla
|
|
Batting: RHB Jeffrey Young
|
0-0: Called Strike 0-1: Ball Wild Pitch! Rich Renteria scores James Flores to third Bruce Chaney to second 1-1: Ball Wild Pitch! James Flores scores Bruce Chaney to third 2-1: Called Strike 2-2: Ball 3-2: Ground out 6-3 (Groundball, 6, EV 86.9 MPH)
|
Top of the 5th over - 2 runs, 1 hit, 1 error, 1 left on base; Wausau 3 - Wisconsin Rapids 5 |
BOTTOM OF THE 5TH |
Wisconsin Rapids Timber Rattlers batting - Pitching for Wausau Timbers : LHP Stanley Osterbur
|
Batting: RHB Phil Lombardi
|
0-0: Called Strike 0-1: Called Strike 0-2: Fly out, F9 (Flyball, 89M, EV 85.0 MPH)
|
Batting: LHB Jimmy Hickman
|
0-0: Called Strike 0-1: Ball 1-1: Called Strike 1-2: Strikes out looking
|
Batting: RHB Jim Presley
|
0-0: Ball 1-0: Ball 2-0: Ball 3-0: Called Strike 3-1: Base on Balls
|
Batting: RHB Darryl Motley
|
0-0: Called Strike 0-1: Swinging Strike 0-2: Fly out, F7 (Flyball, 7, EV 96.3 MPH)
|
Bottom of the 5th over - 0 runs, 0 hits, 0 errors, 1 left on base; Wausau 3 - Wisconsin Rapids 5 |
TOP OF THE 6TH |
Wausau Timbers batting - Pitching for Wisconsin Rapids Timber Rattlers : RHP Juan Maravilla
|
Batting: RHB John Pignotti
|
0-0: Ball 1-0: Ball 2-0: Foul Ball, location: 2F 2-1: Ball 3-1: SINGLE (Line Drive, 89S, EV 103.8 MPH)
|
Batting: RHB John Nicolo
|
0-0: SINGLE (Line Drive, 34D, EV 96.9 MPH) John Pignotti to second Runner from 2nd tries for 3rd, SAFE, throw by RF made to third
|
Batting: LHB Rodney Nealeigh
|
0-0: Called Strike 0-1: Ball 1-1: Ball 2-1: Foul Ball, location: 2F 2-2: Foul Ball, location: 2F 2-2: Strikes out swinging
|
Batting: RHB Alan Griffin
|
0-0: Ball John Nicolo is caught stealing 2nd base 2-4 1-0: Called Strike 1-1: Ball 2-1: Ball 3-1: Foul Ball, location: 2F 3-2: Foul Ball, location: 2F 3-2: DOUBLE (Line Drive, 9LS, EV 104.4 MPH) John Pignotti scores
|
Batting: RHB Rich Renteria
|
0-0: DOUBLE (Line Drive, 78D, EV 102.5 MPH) Alan Griffin scores
|
Batting: SHB James Flores
|
0-0: Swinging Strike 0-1: Ball 1-1: Foul Ball, location: 2F 1-2: Ball 2-2: Foul Ball, location: 2F 2-2: Foul Ball, location: 2F 2-2: SINGLE (Groundball, 34S, EV 85.6 MPH) (infield hit) Rich Renteria to third
|
Batting: LHB Ricky Seilheimer
|
0-0: Ground out 5-3 (Groundball, 56S, EV 85.6 MPH)
|
Top of the 6th over - 2 runs, 5 hits, 0 errors, 2 left on base; Wausau 5 - Wisconsin Rapids 5 |
BOTTOM OF THE 6TH |
Wisconsin Rapids Timber Rattlers batting - Pitching for Wausau Timbers : LHP Stanley Osterbur
|
Batting: LHB Dion James
|
0-0: Ball 1-0: Ball 2-0: Ground out U3 (Groundball, 3, EV 103.1 MPH)
|
Batting: RHB Tim Pyznarski
|
0-0: Ball 1-0: Called Strike 1-1: Ball 2-1: SOLO HOME RUN (Line Drive, 78XD, EV 103.1 MPH), Distance : 439 ft
|
Pitching: RHP Jean Marquis
|
|
Batting: LHB Greg Smith
|
0-0: Ball 1-0: Called Strike 1-1: Ball 2-1: Called Strike 2-2: Foul Ball, location: 2F 2-2: Strikes out swinging
|
Batting: RHB Al Pedrique
|
0-0: SINGLE (Groundball, 6MD, EV 93.8 MPH)
|
Batting: LHB Matt Hall
|
0-0: Ball 1-0: Ground out 1-3 (Groundball, 13, EV 67.5 MPH)
|
Bottom of the 6th over - 1 run, 2 hits, 0 errors, 1 left on base; Wausau 5 - Wisconsin Rapids 6 |
TOP OF THE 7TH |
Wausau Timbers batting - Pitching for Wisconsin Rapids Timber Rattlers : RHP Juan Maravilla
|
Batting: RHB Bruce Chaney
|
0-0: Ball 1-0: Ground out 6-3 (Groundball, 6, EV 106.9 MPH)
|
Batting: RHB Jeffrey Young
|
0-0: Called Strike 0-1: Foul Ball, location: 2F 0-2: Strikes out swinging, 2-3 out at first.
|
Batting: RHB John Pignotti
|
0-0: Ball 1-0: Ball 2-0: Called Strike 2-1: Ball 3-1: Base on Balls
|
Pitching: LHP Mercedes Esquer
|
|
Pinch Hitting: RHB Kevin McDaniel
|
0-0: Fielders Choice at 2nd, 6-4 (Groundball, 6, EV 87.5 MPH)
|
Top of the 7th over - 0 runs, 0 hits, 0 errors, 1 left on base; Wausau 5 - Wisconsin Rapids 6 |
BOTTOM OF THE 7TH |
Wisconsin Rapids Timber Rattlers batting - Pitching for Wausau Timbers : RHP Jean Marquis
|
Now at SS: Harry Mauch
|
|
Batting: RHB Phil Lombardi
|
0-0: Ball 1-0: Swinging Strike 1-1: Ground out 6-3 (Groundball, 6, EV 106.3 MPH)
|
Batting: LHB Jimmy Hickman
|
0-0: Swinging Strike 0-1: Ball 1-1: Ground out 4-3 (Groundball, 4M, EV 86.3 MPH)
|
Batting: RHB Jim Presley
|
0-0: Ball 1-0: DOUBLE (Flyball, 78D, EV 94.4 MPH)
|
Batting: RHB Darryl Motley
|
0-0: Ball 1-0: Foul Ball, location: 2F 1-1: Fly out, F7 (Flyball, 78M, EV 94.4 MPH)
|
Bottom of the 7th over - 0 runs, 1 hit, 0 errors, 1 left on base; Wausau 5 - Wisconsin Rapids 6 |
TOP OF THE 8TH |
Wausau Timbers batting - Pitching for Wisconsin Rapids Timber Rattlers : LHP Mercedes Esquer
|
Batting: LHB Rodney Nealeigh
|
0-0: SINGLE (Groundball, 4MD, EV 98.8 MPH)
|
Batting: RHB Alan Griffin
|
0-0: Fly out, F7 (Line Drive, 7, EV 95.6 MPH)
|
Batting: RHB Rich Renteria
|
0-0: Called Strike 0-1: Swinging Strike 0-2: SINGLE (Line Drive, 7LD, EV 101.9 MPH) Rodney Nealeigh to second Runner from 2nd tries for 3rd, SAFE, throw by LF made to third
|
Batting: SHB James Flores
|
0-0: Ball 1-0: Foul Ball, location: 2F 1-1: Ball 2-1: Ball 3-1: Base on Balls Rich Renteria to second
|
Pinch Hitting: RHB Douglas Davis
|
0-0: Called Strike 0-1: SINGLE (Line Drive, 56D, EV 103.1 MPH) Rodney Nealeigh scores Rich Renteria to third James Flores to second Runner from 3rd tries for Home, throw by LF and OUT! 7-2
|
Batting: RHB Bruce Chaney
|
0-0: Ball 1-0: Ground out U3 (Groundball, 3S, EV 87.5 MPH)
|
Top of the 8th over - 1 run, 3 hits, 0 errors, 2 left on base; Wausau 6 - Wisconsin Rapids 6 |
BOTTOM OF THE 8TH |
Wisconsin Rapids Timber Rattlers batting - Pitching for Wausau Timbers : RHP Jean Marquis
|
Now at C: Douglas Davis
|
|
Batting: LHB Dion James
|
0-0: Ground out 6-3 (Groundball, 6, EV 101.3 MPH)
|
Batting: RHB Tim Pyznarski
|
0-0: Called Strike 0-1: Ball 1-1: Ball 2-1: SINGLE (Line Drive, 89M, EV 101.3 MPH)
|
Batting: LHB Greg Smith
|
0-0: Ball 1-0: Ball 2-0: Called Strike 2-1: Ball 3-1: Grounds into double play, 6-4-3 (Groundball, 6, EV 79.4 MPH)
|
Bottom of the 8th over - 0 runs, 1 hit, 0 errors, 0 left on base; Wausau 6 - Wisconsin Rapids 6 |
TOP OF THE 9TH |
Wausau Timbers batting - Pitching for Wisconsin Rapids Timber Rattlers : LHP Mercedes Esquer
|
Pitching: LHP Scott Bailes
|
|
Batting: RHB Jeffrey Young
|
0-0: Called Strike 0-1: Ball 1-1: Ball 2-1: Fly out, F8 (Flyball, 8LS, EV 95.0 MPH)
|
Batting: RHB John Pignotti
|
0-0: Called Strike 0-1: Ground out 5-3 (Groundball, 5, EV 80.0 MPH)
|
Batting: SHB Harry Mauch
|
0-0: Called Strike 0-1: Foul Ball, location: 2F 0-2: DOUBLE (Line Drive, 9D, EV 107.5 MPH)
|
Batting: LHB Rodney Nealeigh
|
0-0: Ball 1-0: Called Strike 1-1: Ground out 5-3 (Groundball, 5, EV 80.0 MPH)
|
Top of the 9th over - 0 runs, 1 hit, 0 errors, 1 left on base; Wausau 6 - Wisconsin Rapids 6 |
BOTTOM OF THE 9TH |
Wisconsin Rapids Timber Rattlers batting - Pitching for Wausau Timbers : RHP Jean Marquis
|
Pitching: RHP Rafael Ramirez
|
|
Batting: RHB Al Pedrique
|
0-0: Called Strike 0-1: Ball 1-1: Swinging Strike 1-2: Fly out, F8 (Flyball, 89M, EV 95.0 MPH)
|
Batting: LHB Matt Hall
|
0-0: Ball 1-0: SINGLE (Line Drive, 8LS, EV 97.5 MPH)
|
Pinch Hitting: LHB Jerry George
|
0-0: Ball 1-0: Ball 2-0: Called Strike 2-1: Fielders Choice at 2nd, 3-6 (Groundball, 3S, EV 76.3 MPH)
|
Batting: LHB Jimmy Hickman
|
0-0: Ball 1-0: Swinging Strike 1-1: Ball 2-1: Called Strike 2-2: Ball 3-2: Foul Ball, location: 2F 3-2: Strikes out swinging
|
Bottom of the 9th over - 0 runs, 1 hit, 0 errors, 1 left on base; Wausau 6 - Wisconsin Rapids 6 |
TOP OF THE 10TH |
Wausau Timbers batting - Pitching for Wisconsin Rapids Timber Rattlers : LHP Scott Bailes
|
Now at C: Jerry George
|
|
Batting: RHB Alan Griffin
|
0-0: Ball 1-0: Swinging Strike 1-1: Foul Ball, location: 2F 1-2: Ball 2-2: Foul Ball, location: 2F 2-2: Ground out 6-3 (Groundball, 6, EV 86.9 MPH)
|
Batting: RHB Rich Renteria
|
0-0: Called Strike 0-1: Swinging Strike 0-2: Ground out 6-3 (Groundball, 56D, EV 98.8 MPH)
|
Batting: SHB James Flores
|
0-0: Ball 1-0: Foul Ball, location: 2F 1-1: Ground out 5-3 (Groundball, 56, EV 83.8 MPH)
|
Top of the 10th over - 0 runs, 0 hits, 0 errors, 0 left on base; Wausau 6 - Wisconsin Rapids 6 |
BOTTOM OF THE 10TH |
Wisconsin Rapids Timber Rattlers batting - Pitching for Wausau Timbers : RHP Rafael Ramirez
|
Batting: RHB Jim Presley
|
0-0: Ground out 4-3 (Groundball, 4D, EV 97.5 MPH)
|
Batting: RHB Darryl Motley
|
0-0: Called Strike 0-1: Ball 1-1: Swinging Strike 1-2: Single, Error in OF, E8, batter to second base (Groundball, 6MD, EV 106.3 MPH)
|
Batting: LHB Dion James
|
0-0: Intentional Walk
|
Batting: RHB Tim Pyznarski
|
0-0: Called Strike 0-1: Swinging Strike 0-2: Ball 1-2: Ball 2-2: Strikes out swinging
|
Batting: LHB Greg Smith
|
0-0: Ball 1-0: Ball 2-0: Called Strike 2-1: Ball 3-1: SINGLE (Groundball, 6S, EV 66.9 MPH) (infield hit) Darryl Motley to third Dion James to second
|
Pitching: RHP Robert Mettler
|
|
Batting: RHB Al Pedrique
|
0-0: Called Strike 0-1: Called Strike 0-2: Foul Ball, location: 2F 0-2: Ball 1-2: SINGLE (Groundball, 4D, EV 98.1 MPH) Darryl Motley scores
|
Bottom of the 10th over - 1 run, 3 hits, 1 error, 0 left on base; Wausau 6 - Wisconsin Rapids 7 |
|